AoeStats
← Tomate

Arena

508742772Analyzed
2v2 RM · 10d ago on Sep 23, 2026· 27m 38s· 4 players
Game mode
Random Map
Map size
Medium (4 player)
Population
200
Speed
Normal
Resources
Standard
Victory
Conquest
Starting age
Dark Age
Ending age
Imperial Age
RankedLock teamsTeams togetherTeam positionsShared explorationLock speedFull tech treeHidden civsTurbo modeCheats
Victory
Defeat
🇪🇸 Poles · Spain
989
+14
🇪🇸 Bulgarians · Spain
989
+14
🇨🇱 Byzantines · Chile
949
-14
🇨🇱 Bohemians · Chile
948
-14
Tomate
11:04 Feudal Age
12:50 Loom
13:35 Double-Bit Axe
16:01 Castle Age
13:56 Horse Collar
18:39 Wheelbarrow
18:29 Bow Saw
20:39 Husbandry
22:59 Fervor
24:10 Hand Cart
24:05 Pikeman
24:46 Squires
27:53 Heavy Plow
nnickk0
10:00 Feudal Age
12:15 Loom
14:50 Castle Age
12:56 Double-Bit Axe
13:14 Horse Collar
16:58 Wheelbarrow
17:05 Fervor
24:14 Squires
Alexiz132
9:52 Feudal Age
11:24 Double-Bit Axe
13:27 Horse Collar
13:42 Man-at-Arms
22:14 Castle Age
24:59 Husbandry
davidrc1975
10:18 Feudal Age
15:41 Castle Age
16:06 Loom
17:15 Scale Barding Armor
17:21 Forging
20:14 Chain Barding Armor
27:36 Iron Casting
27:01 Scale Mail Armor
Connection lost

Rejoining the realm…

Still unreachable

The connection could not be restored.

Session expired

The server has moved on; the page needs a fresh start.